Map: [ESL] Oceanborn

Players

Strange

  • Race: Protoss Protoss
  • League: Grandmaster
  • Spawn Location: 11:00

LiquidClem (Clem) - Winner!

  • Race: Terran Terran
  • League: Grandmaster
  • Spawn Location: 5:00

Event: IEM Katowice 2024

VOD

Have the link to the VOD?

Description

Time

  • Played on: Dec. 8, 2023, 12:17 p.m.
  • Length: 11:00

All games in this series

Show
View Real Time Build Order
Export as new Build Order

Strange Protoss 

Build Orders: 1 Gate Expand, Colossus Rush 

Get SALT Encoding   

  12  0:00  Probe  
  13  0:12  Probe  
  14  0:17  Pylon  
  14  0:24  Probe (Chrono Boost)  
  16  0:36  Gateway, Probe (Chrono Boost)  
  16  0:42  Probe (Chrono Boost)  
  16  0:45  Assimilator  
  17  0:51  Probe  
  18  1:03  Probe  
  19  1:15  Probe  
  20  1:22  Cybernetics Core  
  20  1:33  Nexus  
  20  1:40  Pylon  
  20  1:41  Probe  
  21  1:47  Assimilator  
  21  1:53  Probe  
  22  1:59  Adept (Chrono Boost)  
  24  2:03  Warp Gate  
  24  2:05  Probe  
  25  2:12  Shield Battery  
  25  2:17  Probe  
  25  2:21  Adept (Chrono Boost)  
  26  2:29  Probe  
  29  2:31  Robotics Facility  
  29  2:41  Probe  
  30  2:45  Probe  
  30  2:46  Stalker (Chrono Boost)  
  33  2:53  Probe  
  33  2:57  Shield Battery, Probe  
  36  3:05  Probe  
  36  3:09  Probe, Stalker  
  39  3:17  Probe  
  39  3:18  Gateway  
  41  3:20  Observer (Chrono Boost)  
  41  3:21  Probe  
  42  3:27  Pylon  
  42  3:29  Probe  
  42  3:33  Observer (Chrono Boost), Probe  
  44  3:40  Assimilator  
  44  3:41  Assimilator  
  45  3:42  Probe  
  45  3:45  Probe  
  47  3:49  Robotics Bay  
  47  3:54  Probe  
  47  3:55  Pylon  
  48  3:58  Probe  
  49  4:04  Stalker  
  49  4:06  Probe  
  52  4:10  Probe  
  50  4:17  Stalker  
  50  4:18  Probe  
  50  4:22  Probe  
  54  4:30  Probe (Chrono Boost)  
  51  4:39  Probe (Chrono Boost)  
  51  4:42  Probe (Chrono Boost)  
  51  4:44  Colossus  
  58  4:48  Probe x2 (Chrono Boost)  
  60  4:58  Probe x2, Pylon  
  61  5:09  Pylon  
  61  5:11  Nexus  
  61  5:15  Probe  
  61  5:16  Probe  
  61  5:18  Extended Thermal Lance  
  63  5:21  Sentry x2  
  63  5:26  Pylon  
  67  5:29  Probe x2  
  69  5:38  Colossus (Chrono Boost)  
  69  5:41  Probe x2  
  77  5:46  Sentry  
  79  5:53  Shield Battery, Probe x2  
  79  5:55  Sentry  
  83  6:05  Pylon, Probe x2  
  83  6:09  Pylon  
  85  6:17  Probe  
  85  6:18  Probe  
  86  6:22  Pylon  
  85  6:28  Zealot, Stalker  
  85  6:29  Probe  
  89  6:38  Probe  
  83  6:45  Probe x2  
  83  6:48  Shield Battery  
  83  6:50  Probe  
  83  6:52  Colossus (Chrono Boost)  
  84  6:54  Forge  
  84  6:56  Twilight Council  
  84  6:57  Forge, Probe x2  
  92  7:03  Stalker x2, Probe  
  97  7:09  Probe x2  
  99  7:15  Protoss Ground Weapons Level 1 (Chrono Boost)  
  99  7:17  Protoss Ground Armor Level 1 (Chrono Boost), Probe  
  99  7:18  Pylon x2  
  100  7:29  Gateway  
  99  7:30  Charge (Chrono Boost)  
  99  7:31  Colossus (Chrono Boost)  
  99  7:32  Gateway  
  105  7:42  Gateway  
  104  7:44  Gateway  
  104  7:50  Zealot, Stalker  
  107  8:00  Gateway  
  107  8:01  Gateway  
  107  8:02  Templar Archives  
  107  8:04  Gateway x2  
  107  8:09  Pylon  
  107  8:10  Observer  
  105  8:14  Pylon  
  105  8:15  Stalker  
  105  8:16  Zealot  
  109  8:24  Warp Prism, Photon Cannon  
  111  8:29  Probe  
  112  8:38  Pylon  
  107  8:47  High Templar x2  
  107  8:48  High Templar x2, Zealot x2  
  115  8:51  Nexus  
  115  8:53  Archon x2  
  119  8:59  Zealot x2  
  119  9:00  Zealot, Gateway  
  119  9:01  Observer  
  125  9:14  Zealot x3  
  121  9:21  Zealot x4  
  121  9:22  Zealot x3  
  129  9:43  High Templar x2  
  129  9:44  High Templar x2, Zealot  
  129  9:45  Zealot x2  
  141  9:47  Archon  
  141  9:48  Archon  
  119  10:01  Colossus (Chrono Boost)  
  96  10:08  Zealot x4  
  96  10:09  Zealot x3  
  96  10:11  Probe x2  
  112  10:18  Zealot x4  
  120  10:23  Probe x2  
  122  10:29  Shield Battery  
  122  10:34  Zealot x4  
  122  10:35  Zealot x2  
  134  10:40  High Templar x2, Zealot  
  139  10:46  Archon  
  127  10:52  Zealot  
Show
View Real Time Build Order
Export as new Build Order

LiquidClem Terran - Winner!

Build Orders: 1/1/1 

Get SALT Encoding   

  12  0:00  SCV  
  13  0:12  SCV  
  14  0:17  Supply Depot  
  14  0:24  SCV  
  15  0:38  SCV  
  15  0:39  Barracks  
  16  0:42  Refinery  
  16  0:50  SCV  
  16  0:52  Refinery  
  17  1:03  SCV  
  18  1:15  SCV  
  19  1:21  Supply Depot  
  19  1:29  Orbital Command, Reaper  
  20  1:41  Factory  
  21  1:54  SCV  
  21  2:01  Barracks Reactor  
  21  2:06  SCV  
  22  2:15  Command Center  
  22  2:18  SCV  
  23  2:28  Starport  
  23  2:32  SCV, Supply Depot  
  24  2:38  Marine x2  
  24  2:43  Widow Mine  
  28  2:45  SCV  
  29  2:56  Marine  
  29  2:57  SCV, Marine  
  32  3:04  Medivac  
  34  3:08  Widow Mine  
  34  3:09  SCV  
  37  3:14  Marine x2  
  39  3:20  Supply Depot  
  40  3:27  Orbital Command, SCV  
  40  3:31  Factory Tech Lab  
  40  3:34  Marine  
  41  3:36  Marine  
  41  3:38  Starport Tech Lab  
  41  3:39  SCV  
  43  3:47  Orbital Command  
  43  3:51  Marine, SCV  
  43  3:54  Siege Tank, Marine  
  49  4:03  SCV  
  49  4:08  Raven  
  52  4:10  Marine  
  52  4:13  SCV  
  52  4:15  SCV  
  52  4:20  Barracks  
  52  4:24  Marine  
  53  4:25  SCV  
  53  4:27  SCV  
  53  4:31  Siege Tank, Marine  
  56  4:37  SCV  
  56  4:38  Supply Depot  
  58  4:39  SCV  
  58  4:43  Barracks  
  59  4:47  Marine  
  59  4:49  Marine  
  59  4:50  SCV  
  59  4:51  Engineering Bay  
  62  4:53  Refinery  
  62  4:59  Supply Depot  
  63  5:00  SCV  
  63  5:02  SCV  
  63  5:04  Supply Depot  
  64  5:09  Marine x2  
  64  5:12  SCV  
  64  5:14  SCV  
  68  5:17  Factory Reactor  
  68  5:20  Terran Infantry Weapons Level 1  
  68  5:21  Stimpack, Marauder  
  70  5:22  Supply Depot  
  70  5:24  SCV  
  70  5:26  Refinery  
  70  5:27  SCV  
  72  5:34  Supply Depot, Marine x2  
  74  5:36  SCV  
  74  5:39  Combat Shield, SCV  
  74  5:41  Marauder  
  78  5:44  Marauder  
  80  5:52  Supply Depot  
  80  5:53  Marine x2  
  80  5:54  SCV  
  80  5:56  SCV  
  84  6:01  Supply Depot  
  84  6:03  Medivac, Marauder  
  88  6:06  Medivac  
  88  6:07  Supply Depot  
  90  6:13  Marauder  
  90  6:14  Factory Reactor  
  90  6:17  Marine  
  93  6:28  Command Center  
  93  6:29  Marauder  
  92  6:34  Marauder  
  92  6:35  Marine  
  92  6:36  SCV  
  92  6:37  Marine  
  92  6:39  Medivac  
  88  6:40  Medivac  
  88  6:41  SCV  
  84  6:50  Marauder  
  84  6:52  Barracks, Widow Mine  
  87  6:55  Marauder, Marine, Widow Mine  
  87  7:01  Barracks, Marine  
  93  7:07  Concussive Shells, SCV x2  
  95  7:12  Marauder  
  95  7:14  Viking, Terran Infantry Armor Level 1  
  99  7:16  Viking  
  99  7:18  Marine  
  99  7:19  SCV x2  
  104  7:24  Supply Depot, Marine  
  104  7:29  Marauder  
  107  7:31  SCV  
  107  7:32  SCV  
  107  7:36  Marauder  
  111  7:37  Supply Depot  
  111  7:40  Marine  
  111  7:41  SCV  
  113  7:45  Viking  
  113  7:46  Viking  
  113  7:50  Barracks Tech Lab x2  
  114  7:51  SCV  
  114  7:52  Marauder  
  114  7:53  Orbital Command  
  114  7:55  SCV  
  117  8:00  Widow Mine x2  
  117  8:03  Marauder, SCV, Marine  
  125  8:06  Marine  
  125  8:07  SCV  
  125  8:11  Bunker  
  125  8:12  Missile Turret  
  127  8:14  Marauder x2  
  127  8:15  SCV  
  127  8:16  Marauder  
  127  8:19  SCV  
  135  8:21  Viking  
  135  8:25  Viking  
  135  8:26  SCV  
  140  8:27  SCV  
  140  8:29  Supply Depot, Refinery  
  140  8:31  Ghost Academy  
  140  8:33  Marine  
  140  8:34  Supply Depot  
  140  8:36  Marauder  
  140  8:40  SCV x2  
  140  8:41  Supply Depot  
  139  8:42  Refinery  
  139  8:45  SCV  
  139  8:47  Marine  
  141  8:52  SCV  
  141  8:54  Supply Depot, Marine  
  141  8:55  Armory, Marauder, Engineering Bay  
  147  8:56  Marauder  
  147  8:57  SCV  
  147  9:00  Viking  
  150  9:03  Viking  
  150  9:04  Ghost  
  152  9:12  Ghost  
  152  9:14  Marine  
  152  9:15  Marine  
  152  9:16  Ghost  
  149  9:23  Command Center  
  149  9:27  Ghost, Widow Mine  
  149  9:30  Widow Mine  
  153  9:35  Supply Depot  
  153  9:37  Ghost  
  153  9:40  Viking  
  153  9:41  Viking, Marine x2  
  153  9:43  Marauder  
  161  9:46  Supply Depot  
  161  9:47  Marauder  
  163  9:55  Widow Mine  
  163  9:56  Ghost  
  163  9:59  Marine  
  155  10:01  Marine  
  155  10:03  Widow Mine  
  155  10:04  Marine, SCV  
  155  10:05  SCV  
  155  10:06  SCV  
  155  10:07  Ghost  
  152  10:11  Marauder  
  156  10:16  SCV  
  156  10:17  SCV  
  156  10:19  Marine  
  159  10:25  Barracks  
  159  10:26  Barracks  
  159  10:27  Barracks  
  163  10:37  SCV  

Tags
 
Add a new tag
Caveats
  • Supply blocks, unpowered buildings, or Contaminate may cause inaccurate times.
  • Supply counts are checked every 10 seconds.